AoeStats
← BachmanN

Arena

510174224Analyzed
3v3 RM · 3d ago on Sep 29, 2026· 17m 35s· 6 players
Game mode
Random Map
Map size
Normal (6 player)
Population
200
Speed
Normal
Resources
Standard
Victory
Conquest
Starting age
Dark Age
Ending age
Imperial Age
RankedLock teamsTeams togetherTeam positionsShared explorationLock speedFull tech treeHidden civsTurbo modeCheats
Victory
Defeat
🇷🇸 Khmer · Serbia
1029
+17
🇷🇸 Romans · Serbia
1023
+17
🇷🇸 Ethiopians · Serbia
991
+17
🇹🇷 Romans · Türkiye
1057
-18
🇹🇷 Turks · Türkiye
1044
-17
🇸🇪 Portuguese · Sweden
1020
-16
BachmanN
0:35 Loom
11:33 Feudal Age
12:19 Double-Bit Axe
12:15 Horse Collar
12:26 Gold Mining
19:27 Castle Age
EtZeL
10:01 Feudal Age
15:51 Castle Age
15:17 Town Watch
15:18 Loom
15:24 Double-Bit Axe
15:22 Horse Collar
reconquista.ad
9:19 Feudal Age
13:46 Castle Age
12:17 Double-Bit Axe
12:45 Horse Collar
Sasa - NS
12:02 Feudal Age
16:14 Castle Age
14:07 Double-Bit Axe
14:04 Horse Collar
15:28 Stone Mining
15:30 Gold Mining
16:59 Wheelbarrow
17:42 Bow Saw
17:55 Heavy Plow
marko0311
11:32 Feudal Age
13:53 Horse Collar
14:02 Double-Bit Axe
16:29 Castle Age
17:17 Wheelbarrow
16:50 Gold Mining
16:51 Stone Mining
Mr. Peacemaker
11:54 Feudal Age
14:54 Castle Age
12:59 Double-Bit Axe
12:56 Horse Collar
13:53 Gold Mining
17:23 Bow Saw
Connection lost

Rejoining the realm…

Still unreachable

The connection could not be restored.

Session expired

The server has moved on; the page needs a fresh start.